 Dungeon Crawl Stone Soup version 0.31.0-32-g396128a36d (webtiles) character file.

Game seed: 12858957480973897991

3582 Alphaeus the Grappler (level 9, -6/88 HPs)
             Began as a Troll Shapeshifter on Mar 19, 2024.
             Was an Initiate of Gozag.
             Mangled by a two-headed ogre
             ... wielding a +0 giant spiked club
              (12 damage)
             ... on level 8 of the Dungeon.
             The game lasted 00:07:40 (6757 turns).

Alphaeus the Grappler (Troll Shapeshifter)          Turns: 6757, Time: 00:07:41

Health: -6/88      AC:  4    Str: 28    XL:     9   Next: 84%
Magic:  0/17       EV:  9    Int:  6    God:    Gozag
Gold:   964        SH:  0    Dex:  9    Spells: 8/8 levels left

rFire   . .          .
                       - Unarmed
rCold   . . .        (no shield)
rNeg    . . .        a - +0 animal skin
rPois   +            (helmet currently unavailable)
rElec   .            (cloak currently unavailable)
rCorr   .            (gloves unavailable)
SInv    .            (boots unavailable)
Will    .....        q - amulet of guardian spirit
Stlth   +            j - ring of magical power
HPRegen 1.14/turn    r - ring of poison resistance
MPRegen 0.15/turn

%: guardian spirit
@: beast-form
A: beast (slay +4), large, unfitting armour, claws 3, regeneration 1, shaggy fur
1, tough skin 1
a: Begin Untransformation, Renounce Religion, Potion Petition, Call Merchant,
Bribe Branch


You were on level 8 of the Dungeon.
You worshipped Gozag.
Gozag was pleased with you.
You were a hulking beast.
You visited 2 branches of the dungeon, and saw 9 of its levels.

You collected 1016 gold pieces.
You paid 52 gold pieces to Gozag.

Inventory:

Missiles
 x - a throwing net (quivered)
Armour
 a - a +0 animal skin (worn)
Jewellery
 e - a ring of protection from cold
 j - a ring of magical power (left claw)
 q - an amulet of guardian spirit (around neck)
 r - a ring of poison resistance (right claw)
 s - a ring of magical power
 F - a ring of positive energy
Talismans
 c - a beast talisman
 d - a flux talisman
 l - a blade talisman
 D - a serpent talisman
Wands
 E - a wand of quicksilver (2)
 H - a wand of flame (35)
Scrolls
 f - a scroll of fog {unknown}
 g - a scroll of revelation {unknown}
 h - 3 scrolls of immolation {unknown}
 i - 5 scrolls of teleportation
 m - 3 scrolls of blinking {unknown}
 n - a scroll of amnesia {unknown}
 t - a scroll of enchant weapon {unknown}
 u - 2 scrolls of vulnerability {unknown}
 w - a scroll of noise {unknown}
 y - a scroll of poison {unknown}
 G - a scroll of enchant armour {unknown}
Potions
 b - 4 potions of lignification
 k - 6 potions of curing
 o - a potion of attraction
 p - a potion of might
 v - 2 potions of resistance
 z - a potion of heal wounds
 A - a potion of magic
 B - a potion of berserk rage {unknown}
 C - a potion of invisibility {unknown}


   Skills:
 + Level 5.2 Fighting
 - Level 1.5 Dodging
 * Level 9.5 Unarmed Combat
 * Level 8.8 Shapeshifting


You had 8 spell levels left.
You didn't know any spells.
Your spell library contained the following spells:

 Spells                   Type           Power      Damage    Failure   Level
 Freeze                   Ice            0%         1d3       45%         1
 Frozen Ramparts          Ice            0%         1d1       83%         3
 Hailstorm                Conj/Ice       0%         3d5       83%         3


Dungeon Overview and Level Annotations

Branches:
Dungeon (8/15)             Temple (1/1) D:6
   Lair: D:8-11

Altars:
Ashenzari
Fedhas
Gozag
Hepliaklqana
Nemelex Xobeh
Okawaru
Qazlal
Ru
Sif Muna
Uskayaw
Vehumet
Wu Jian
Xom
Yredelemnul
The Shining One

Shops:
D:2 *   D:7 *

Annotations:
D:5 3 runed translucent doors, rozman's ghost, novice GnSh


Innate Abilities, Weirdness & Mutations

You are a hulking beast.
Your limbs bulge with bestial killing power. (Slay +4)
You are too large for most types of armour.
You have claws for hands.
Your natural rate of healing is unusually fast.
You are covered in fur. (AC +1)
You have tough skin. (AC +1)


Message History

You miss the killer bee. The killer bee barely misses you.
The killer bee closely misses you.
You barely miss the killer bee. The killer bee stings you.
* * * LOW HITPOINT WARNING * * *
You are poisoned.
The killer bee poisons you! The killer bee completely misses you.
You completely miss the killer bee.
You feel sick.
The killer bee stings you but does no damage.
You mangle the killer bee!!
You kill the killer bee!
You feel sick.
You start resting.
You feel sick. x6
You are no longer poisoned.
You start resting.
A two-headed ogre comes into view.
It is wielding a +0 giant spiked club and a +0 giant club.
A two-headed ogre is nearby!
You barely miss the two-headed ogre. You claw the two-headed ogre.
The two-headed ogre is lightly wounded.
The two-headed ogre hits you with a +0 giant spiked club!
The two-headed ogre hits you with a +0 giant club!
You claw the two-headed ogre!
The two-headed ogre is moderately wounded.
You closely miss the two-headed ogre.
The two-headed ogre is moderately wounded.
The two-headed ogre hits you with a +0 giant spiked club!
The two-headed ogre hits you with a +0 giant club!
You mangle the two-headed ogre!!
The two-headed ogre is severely wounded.
You scratch the two-headed ogre.
The two-headed ogre is severely wounded.
The two-headed ogre hits you with a +0 giant spiked club!
The two-headed ogre hits you with a +0 giant club!!
* * * LOW HITPOINT WARNING * * *
You claw the two-headed ogre!
The two-headed ogre is almost dead.
The two-headed ogre hits you with a +0 giant spiked club!!
* * * LOW HITPOINT WARNING * * *
The two-headed ogre hits you with a +0 giant club!
You die...
Your body crumbles into a pile of gold.

..............# ...
....#####.##### #.#
....#.........# #..
....#..######.# #.#
###.#.#)###(#.##.#
.. #.#.##)#.##[#.#
#.. #...###.###..##
#..
....#.##.#.##.#.##
#.#
....#.#.###.#.##h##
#.# ..#.#.##
##..###O###.#
..#.#.........#
##$..#
.##.#####.#####
##.## . #.. ..
#.........# .. ...
#.####..#.# .. ....
. #####


You could see a two-headed ogre.

Vanquished Creatures
  Sigmund (D:6)
  A wyvern (D:8)
  3 steam dragons (D:6)
  2 water moccasins
  Duvessa (D:7)
  3 ice beasts (D:6)
  A sky beast (D:7)
  An orc warrior (D:7)
  2 black bears
  An ogre (D:6)
  A centaur (D:8)
  A phantom (D:6)
  Blork the orc (D:6)
  A gnoll sergeant (D:8)
  2 bullfrogs
  A scorpion (D:6)
  Dowan (D:7)
  5 killer bees (D:8)
  A howler monkey (D:7)
  2 jellies
  6 hounds
  2 gnoll boudas
  5 orc priests
  3 iguanas
  6 orc wizards
  19 gnolls
  11 adders
  3 white imps
  An adder zombie (D:3)
  2 ribbon worms
  A dart slug (D:1)
  17 orcs
  5 bats
  8 endoplasms
  2 giant cockroaches (D:1)
  5 goblins
  11 hobgoblins
  3 jackals (D:4)
  6 kobolds
  2 quokkas
  4 ball pythons
  3 frilled lizards
  A quokka zombie (D:3)
  7 rats
165 creatures vanquished.

Vanquished Creatures (others)
  An orc wizard (D:3)
1 creature vanquished.

Grand Total: 166 creatures vanquished

Notes
Turn   | Place    | Note
-------+----------+-------------------------------------------
     0 | D:1      | Alphaeus the Troll Shapeshifter began the quest for the
                  | Orb.
     0 | D:1      | Reached XP level 1. HP: 18/18 MP: 0/0
   146 | D:1      | Reached skill level 1 in Fighting
   154 | D:1      | Reached XP level 2. HP: 27/27 MP: 1/1
   686 | D:1      | Reached XP level 3. HP: 33/33 MP: 2/2
  1038 | D:2      | Found Peqemped's Assorted Antiques.
  1320 | D:2      | Reached XP level 4. HP: 41/41 MP: 3/3
  1403 | D:2      | Reached skill level 4 in Unarmed Combat
  1522 | D:3      | Reached XP level 5. HP: 32/49 MP: 4/4
  1594 | D:3      | Found a hazy altar of Hepliaklqana.
  1683 | D:3      | Found a hide-covered altar of Uskayaw.
  1851 | D:3      | Found a faded altar of an unknown god.
  1896 | D:3      | Found an ornate altar of the Wu Jian Council.
  2119 | D:3      | Found a basalt altar of Yredelemnul.
  2282 | D:4      | Found a shimmering blue altar of Sif Muna.
  2282 | D:4      | Found a glowing golden altar of the Shining One.
  2357 | D:4      | Reached XP level 6. HP: 15/57 MP: 5/5
  2428 | D:4      | Reached skill level 5 in Unarmed Combat
  2451 | D:4      | Found an opulent altar of Gozag.
  2488 | D:4      | Reached skill level 5 in Shapeshifting
  2505 | D:4      | Became a worshipper of Gozag Ym Sagoz the Greedy
  2837 | D:5      | Entered Level 5 of the Dungeon
  3114 | D:4      | Reached XP level 7. HP: 50/66 MP: 6/6
  3618 | D:5      | Found a runed translucent gate.
  3618 | D:5      | Found a runed translucent gate.
  3618 | D:5      | Found a runed translucent gate.
  3620 | D:5      | Noticed rozman's ghost (novice GnSh)
  3877 | D:6      | Reached skill level 6 in Unarmed Combat
  3906 | D:6      | Found a shimmering altar of Xom.
  4049 | D:6      | Noticed Sigmund
  4061 | D:6      | Killed Sigmund
  4062 | D:6      | Reached XP level 8. HP: 60/75 MP: 7/7
  4118 | D:6      | Reached skill level 7 in Unarmed Combat
  4161 | D:6      | Found a staircase to the Ecumenical Temple.
  4442 | D:6      | Noticed Blork the orc
  4450 | D:6      | Killed Blork the orc
  4596 | D:6      | Reached skill level 8 in Unarmed Combat
  4624 | D:6      | Reached XP level 9. HP: 82/84 MP: 8/8
  4837 | D:6      | Identified the +4 hand axe of Camampadgh {freeze, rC++
                  | Will+}
  4934 | Temple   | Entered the Ecumenical Temple
  5405 | D:7      | Found a sacrificial altar of Ru.
  5481 | D:7      | Noticed Duvessa
  5493 | D:7      | Killed Duvessa
  5495 | D:7      | Noticed Dowan
  5498 | D:7      | Killed Dowan
  5883 | D:7      | Found Coshre's General Store.
  6315 | D:8      | Reached skill level 9 in Unarmed Combat
  6646 | D:8      | Reached skill level 5 in Fighting
  6747 | D:8      | Noticed a two-headed ogre
  6757 | D:8      | Mangled by a two-headed ogre

Illustrated notes

Levels and vault maps discovered:
D:1:      scummos_arrival_star, layout_basic, minmay_3d_cube
D:2:      layout_loops_ring, serial_shops, nicolae_shop_gibbet_a_chance
D:3:      layout_loops_cross, lemuel_zombie_altar_yredelemnul,
          nicolae_wu_jian_immortal_techniques, lemuel_coloured_pillars_altar,
          nicolae_uskayaw_suspiria, chequers_ecumenical_altar_simple
D:4:      layout_rooms, grunt_gozag_statues,
          chequers_temple_overflow_statue_of_worship, kennysheep_orc_chapel
D:5:      layout_rooms, gammafunk_ghost_nasty_kobolds, kennysheep_generic_room_2
D:6:      kennysheep_steamy, layout_loops_corners,
          nicolae_overflow_crystal_walls, minmay_temple_entry_stoned_glass,
          uniq_sigmund, uniq_blork_the_orc
D:7:      layout_basic, nicolae_ru_sacrificial_ziggurat, serial_shops,
          nicolae_shop_temple_entry_statues_fountains, uniq_duvessa
D:8:      minmay_the_grid_plus [minmay_the_grid_box_x,
          minmay_the_grid_minigrid_large, minmay_the_grid_broken_lines,
          minmay_the_grid_tri_star, minmay_the_grid_prize_diamond_cup],
          layout_basic
Temple:   nicolae_temple_superstar

Skill      XL: |  1  2  3  4  5  6  7  8  9 |
---------------+----------------------------+-----
Fighting       | 1 2 3 4 5 |  5.2
Unarmed Combat | 4 5 6 8 9 |  9.5
Shapeshifting  | 4 5 6 7 8 |  8.8
Dodging        | |  1.5

Action                     |  1- 3 |  4- 6 |  7- 9 || total
---------------------------+-------+-------+-------++-------
  Melee: Unarmed           |    86 |   124 |   250 ||   460
         Punch             |     3 |     2 |     6 ||    11
    Use: Scroll            |       |       |     7 ||     7
 Armour: Animal skin       |    70 |   101 |   203 ||   374
  Dodge: Dodged            |    37 |    66 |    94 ||   197
